 Dungeon Crawl Stone Soup version 0.21.0-24-g2553a33 (webtiles) character file.

9 tidbits the Magician (level 2, 17/26 HPs)
             Began as a Gnoll Wanderer on Jan 19, 2018.
             Quit the game on level 1 of the Dungeon.
             The game lasted 00:01:12 (56 turns).

tidbits the Magician (Gnoll Wanderer)                 Turns: 56, Time: 00:01:13

Health: 17/26      AC:  2    Str: 15    XL:     2   Next: 12%
Magic:  7/7        EV: 11    Int: 12    God:
Gold:   0          SH:  0    Dex: 15    Spells: 10/10 levels left

rFire    . . .     SeeInvis .   b - +2 blowgun
rCold    . . .     Gourm    .   (no shield)
rNeg     . . .     Faith    .   e - +0 robe
rPois    .         Spirit   .   (no helmet)
rElec    .         Reflect  .   (no cloak)
rCorr    .         Harm     .   (no gloves)
MR       .....                  (no boots)
Stlth    +.........             (no amulet)
HPRegen  0.08/turn              (no ring)
MPRegen  0.10/turn              (no ring)

@: no status effects
A: distributed training, fangs 1, strong nose
a: no special abilities


You were on level 1 of the Dungeon.
You were not hungry.

You visited 1 branch of the dungeon, and saw 2 of its levels.

Inventory:

Hand Weapons
 b - a +2 blowgun (weapon)
 d - a +0 spear
 g - a +0 hunting sling
 j - a +0 spear
 k - a +0 dagger
Armour
 e - a +0 robe (worn)
Potions
 h - 2 potions of cancellation {unknown}
 i - 2 potions of brilliance {unknown}
Books
 c - Kimutus's Collected Works on the Blaze

   Spells                             Type                      Level
   a - Flame Tongue                   Conjuration/Fire             1
   b - Ignite Poison                  Fire/Transmutation/Poison    3
Comestibles
 f - a ration


   Skills:
 + Level 4.4 Fighting
 + Level 0.2 Short Blades
 + Level 0.2 Long Blades
 + Level 0.2 Axes
 + Level 0.2 Maces & Flails
 + Level 0.2 Polearms
 + Level 0.2 Staves
 + Level 0.2 Slings
 + Level 0.2 Bows
 + Level 0.2 Crossbows
 + Level 2.4 Throwing
 + Level 2.4 Armour
 + Level 0.2 Dodging
 + Level 0.2 Stealth
 + Level 2.4 Shields
 + Level 0.2 Unarmed Combat
 + Level 4.9 Spellcasting
 + Level 0.1 Conjurations
 + Level 0.1 Hexes
 + Level 0.1 Charms
 + Level 2.0 Summonings
 + Level 0.1 Necromancy
 + Level 3.6 Translocations
 + Level 0.1 Transmutations
 + Level 0.1 Fire Magic
 + Level 0.1 Ice Magic
 + Level 0.1 Air Magic
 + Level 0.1 Earth Magic
 + Level 0.1 Poison Magic
 + Level 0.3 Invocations
 + Level 0.2 Evocations


You had 10 spell levels left.
You didn't know any spells.

Dungeon Overview and Level Annotations

Branches:
Dungeon (2/15)

Altars:


Innate Abilities, Weirdness & Mutations

Your experience applies equally to all skills.
You have very sharp teeth.
Your uncanny sense of smell can sniff out nearby items.


Message History

You shoot a curare-tipped needle.
The curare-tipped needle closely misses the bat.
The curare-tipped needle hits the goblin.
The goblin is poisoned.
The goblin convulses.
You kill the goblin!
The bat hits you but does no damage. The bat closely misses you.
Firing (i - inventory):
a - 2 curare-tipped needles (quivered)
Press: ? - help, Shift-Dir - straight line, f - bat
Aim: a bat You shoot a curare-tipped needle.
The curare-tipped needle hits the bat.
The bat is poisoned.
The bat convulses.
The bat seems to slow down.
The bat is heavily wounded.
The bat closely misses you. The bat barely misses you. The bat hits you.
You kill the bat!
You see here a curare-tipped needle.
a - 2 curare-tipped needles (gained 1)
Things that are here:
a curare-tipped needle; a dagger
k - a dagger;
a - 3 curare-tipped needles (gained 1)
There is an escape hatch in the floor here.
You slide downwards.
The hatch slams shut behind you.
A giant cockroach and a hobgoblin come into view.
The hobgoblin shouts!
Found a ration.
Found an escape hatch in the ceiling.
Found a stone staircase leading up.
Firing (i - inventory):
a - 3 curare-tipped needles (quivered)
Press: ? - help, Shift-Dir - straight line, f - hobgoblin
Aim: a hobgoblin, wielding a club You shoot a curare-tipped needle.
The curare-tipped needle hits the hobgoblin.
The hobgoblin is poisoned.
The hobgoblin convulses.
You kill the hobgoblin!
Your Summonings skill increases to level 2!
A hobgoblin comes into view. It is wielding a club.
The hobgoblin shouts!
You hear an angry hiss.
A quokka comes into view.
Things that are here:
a curare-tipped needle; a club
a - 3 curare-tipped needles (gained 1)
The giant cockroach barely misses you.
A leopard gecko comes into view.
The quokka barely misses you.
A hobgoblin comes into view. It is wielding a club.
Firing (i - inventory):
a - 3 curare-tipped needles (quivered)
Press: ? - help, Shift-Dir - straight line, f - hobgoblin
Aim: a hobgoblin, wielding a club You shoot a curare-tipped needle.
The curare-tipped needle hits the quokka.
The quokka is poisoned.
The quokka convulses.
The quokka seems to slow down.
The quokka is moderately wounded.
The hobgoblin shouts!
The quokka barely misses you.
Unknown command.
A rat comes into view.
Unknown command.
A kobold comes into view. It is wielding a dagger.
Firing (i - inventory):
a - 2 curare-tipped needles (quivered)
Press: ? - help, Shift-Dir - straight line, f - giant cockroach, p - hobgoblin
Aim: a giant cockroach (clinging)
You shoot a curare-tipped needle.
The curare-tipped needle hits the hobgoblin.
The hobgoblin is poisoned.
The hobgoblin convulses.
The hobgoblin seems to slow down.
The hobgoblin is moderately wounded.
The kobold shouts!
You hear an angry hiss.
You kill the quokka!
The hobgoblin hits you with a club.
Unknown command.
The kobold throws a stone.
The stone hits you.
You see here a stone.
You kill the hobgoblin!
You have reached level 2!
There is a stone staircase leading up here.
Firing (i - inventory):
a - a curare-tipped needle (quivered)
Press: ? - help, Shift-Dir - straight line, p - giant cockroach You can't see that place. [the floor.]
Okay, then.
Firing (i - inventory):
a - a curare-tipped needle (quivered)
Press: ? - help, Shift-Dir - straight line, f - hobgoblin, p - giant cockroach
Aim: a hobgoblin, wielding a club You shoot a curare-tipped needle.
The curare-tipped needle hits the giant cockroach.
The giant cockroach is poisoned.
The giant cockroach convulses.
You kill the giant cockroach!
The kobold throws a stone.
The stone hits you but does no damage.
Unknown command.
The kobold throws a stone.
The stone closely misses you. The hobgoblin completely misses you.
There is a stone staircase leading up here.
The hobgoblin completely misses you.
You climb upwards.
A frilled lizard, a bat and a kobold come into view.
The bat hits you.
There is a stone staircase leading down here.
Wield which item (- for none, * to show all)? (? for menu, Esc to quit)
Okay, then.
Are you sure you want to abandon this character and quit the game? (Confirm with "yes".)

### ##
.... .#
≈≈≈..##
.#
#≈...g#.#
#≈..Kb@.#
#≈..#...#
≈≈≈
#..... .
#..####
....
l##.. .
... .
#...


You could see a hobgoblin, a bat, a kobold and a frilled lizard (sleeping).

Vanquished Creatures
  A giant cockroach (D:2)
  A goblin (D:1)
  2 hobgoblins (D:2)
  A quokka (D:2)
  2 bats (D:1)
7 creatures vanquished.

Notes
Turn   | Place    | Note
-------+----------+-------------------------------------------
     0 | D:1      | tidbits the Gnoll Wanderer began the quest for the Orb.
     0 | D:1      | tidbits set off with: 4 curare-tipped needles, a +2 blowgun, Kimutus's Collected Works on the Blaze, a +0 spear, a +0 robe, a ration
     0 | D:1      | Reached XP level 1. HP: 20/20 MP: 6/6
     0 | D:1      | Identified Kimutus's Collected Works on the Blaze
    37 | D:2      | Reached skill level 2 in Summonings
    50 | D:2      | Reached XP level 2. HP: 18/26 MP: 7/7
    56 | D:1      | Quit the game

Skill      XL: |  1 |
---------------+----+-----
Summonings     | 2 |  2.0
Fighting       | |  4.4
Short Blades   | |  0.2
Long Blades    | |  0.2
Axes           | |  0.2
Maces & Flails | |  0.2
Polearms       | |  0.2
Staves         | |  0.2
Slings         | |  0.2
Bows           | |  0.2
Crossbows      | |  0.2
Throwing       | |  2.4
Armour         | |  2.4
Dodging        | |  0.2
Stealth        | |  0.2
Shields        | |  2.4
Unarmed Combat | |  0.2
Spellcasting   | |  4.9
Conjurations   | |  0.1
Hexes          | |  0.1
Charms         | |  0.1
Necromancy     | |  0.1
Translocations | |  3.6
Transmutations | |  0.1
Fire Magic     | |  0.1
Ice Magic      | |  0.1
Air Magic      | |  0.1
Earth Magic    | |  0.1
Poison Magic   | |  0.1
Invocations    | |  0.3
Evocations     | |  0.2

Action                   || total
-------------------------++-------
 Fire: Blowgun           ||     7
Armor: Robe              ||     1
Dodge: Dodged            ||    10

Table legend:
 A = Turns spent in this place as a percentage of turns spent in the entire game.
 B = Non-inter-level travel turns spent in this place as a percentage of non-inter-level travel turns spent in the entire game.
 C = Inter-level travel turns spent in this place as a percentage of turns spent in this place.
 D = Turns resting spent in this place as a percentage of non-inter-level travel turns spent in this place.
 E = Turns spent auto-exploring this place as a percentage of non-inter-level travel turns spent in this place.
 F = Non-inter-level travel turns spent in this place divided by the number of levels of this place that you've seen.
                   A       B       C       D       E      F
               +-------+-------+-------+-------+-------+----------------------
         Total | 100.0 | 100.0 |   0.0 |   0.0 |   0.0 |  28.0
       Dungeon | 100.0 | 100.0 |   0.0 |   0.0 |   0.0 |  28.0
               +-------+-------+-------+-------+-------+----------------------

Table legend:
 A = Kills in this place as a percentage of kills in entire the game.
 B = Kills by you in this place as a percentage of kills by you in the entire game.
 C = Kills by friends in this place as a percentage of kills by friends in the entire game.
 D = Other kills in this place as a percentage of other kills in the entire game.
 E = Experience gained in this place as a percentage of experience gained in the entire game.
 F = Experience gained in this place divided by the number of levels of this place that you have seen.
                   A       B       C       D       E      F
               +-------+-------+-------+-------+-------+----------------------
         Total | 100.0 | 100.0 |   N/A |   N/A | 100.0 |   6.5
       Dungeon | 100.0 | 100.0 |   N/A |   N/A | 100.0 |   6.5
               +-------+-------+-------+-------+-------+----------------------

Vault maps used:
D:1:      minmay_arrival_five_plusses, hangedman_decor_opposing,
          kennysheep_boxes
D:2:      uniq_crazy_yiuf_cottage
